Hurricanes vs Capitals

Created - December 18 2011 at 11:36

Goals
1 2 3 T
Hurricanes 0 3 4 7
Capitals 1 3 4 8
Shots
1 2 3 T
Hurricanes 11 10 17 38
Capitals 8 11 8 27

Period #1

1. Capitals , Tomas Fleischmann 13 (Alexander Ovechkin, Alexander Semin) at 6:09 (PP)

Penalties :
Alexander Ovechkin (WSH) for Tripping (Minor) at 0:12, Matt Cooke (CAR) for Roughing (Minor) at 4:27, Mike Weber (CAR) for Tripping (Minor) at 10:41, Alexander Semin (WSH) for Goalie Interference (Minor) at 15:54

Period #2

2. Hurricanes , Jarome Iginla 19 (Eric Staal, Johnny Oduya) at 0:28
3. Capitals , Alexei Kovalev 2 (Ryane Clowe, Matt Stajan) at 1:01 (PP)
4. Capitals , Tomas Fleischmann 14 (Alexander Semin, Alexander Ovechkin) at 1:22 (PP)
5. Capitals , Alexander Ovechkin 20 (Mike Green) at 6:47
6. Hurricanes , Thomas Vanek 16 (Eric Staal, Johnny Oduya) at 9:34
7. Hurricanes , Mike Fisher 6 (Matt Cooke, Mike Weber) at 18:59 (PP)

Penalties :
Matt Cooke (CAR) for Hooking (Minor) at 0:31, Shawn Thornton (CAR) for Holding (Minor) at 1:04, Cory Sarich (WSH) for Interference (Minor) at 3:25, Cory Sarich (WSH) for Slashing (Minor) at 11:46, Mike Green (WSH) for Tripping (Minor) at 18:38

Period #3

8. Hurricanes , Jaroslav Spacek 5 (Eric Staal, Jarome Iginla) at 0:36
9. Capitals , Alexander Semin 25 (Willie Mitchell, Tomas Fleischmann) at 2:39
10. Capitals , Taylor Hall 12 (David Desharnais) at 8:34
11. Capitals , Taylor Hall 13 (Cory Sarich) at 8:44
12. Hurricanes , Eric Staal 18 (Thomas Vanek, Jarome Iginla) at 14:05 (PP)
13. Hurricanes , Martin Hanzal 10 (Michael Ryder, Shawn Thornton) at 18:32
14. Hurricanes , Jarome Iginla 20 (Thomas Vanek, Eric Staal) at 19:08
15. Capitals , Alexander Ovechkin 21 (Ryane Clowe, Mike Green) at 19:44

Penalties :
Jeff Halpern (WSH) for Slashing (Minor) at 4:07, Mike Weber (CAR) for Hooking (Minor) at 9:43, Douglas Murray (WSH) for Diving (Minor) at 12:51

Goalie Stats

Brian Elliott (CAR), 0 saves from 0 shots - (0.000), 0:16 minutes
Johan Hedberg (CAR), 19 saves from 27 shots - (0.704), L, 9-15-1, 59:36 minutes
Mike Smith (WSH), 13 saves from 16 shots - (0.813), W, 1-0-1, 19:24 minutes
Jimmy Howard (WSH), 18 saves from 22 shots - (0.818), 40:36 minutes

Players Stats

Hurricanes
Player Name              G  A  P  +/- PIM S  H  SB FO    MP 
------------------------------------------------------------
Anton Stralman           0  0  0  -1  0   0  0  3  0/0   21 
Brad Boyes               0  0  0  -2  0   1  0  0  1/1   22 
Chris Thorburn           0  0  0   0  0   1  1  0  0/0   6  
Eric Staal               1  4  5   3  0   4  0  2  10/24 19 
Jarome Iginla            2  2  4   4  0   4  1  0  2/9   19 
Jaroslav Spacek          1  0  1   4  0   2  1  0  0/0   23 
Jed Ortmeyer             0  0  0   0  0   1  0  0  1/7   6  
Johnny Oduya             0  2  2   4  0   2  0  1  0/0   24 
Martin Hanzal            1  0  1  -2  0   6  1  0  7/17  13 
Matt Cooke               0  1  1  -2  4   2  6  0  0/4   20 
Matt Hunwick             0  0  0  -2  0   0  0  2  0/0   14 
Michael Ryder            0  1  1  -2  0   2  0  0  1/1   13 
Mike Fisher              1  0  1  -1  0   6  2  0  10/26 20 
Mike Weber               0  1  1  -1  4   2  4  5  0/0   20 
Ryan Shannon             0  0  0   0  0   1  0  1  0/0   7  
Ryan Wilson              0  0  0  -3  0   1  4  0  0/0   17 
Shawn Thornton           0  1  1  -2  2   1  1  0  0/0   13 
Thomas Vanek             1  2  3   3  0   2  1  0  2/6   19 
Capitals
Player Name              G  A  P  +/- PIM S  H  SB FO    MP 
------------------------------------------------------------
Alexander Ovechkin       2  2  4   1  2   8  4  0  0/1   24 
Alexander Semin          1  2  3   1  2   2  2  0  1/5   18 
Alexei Kovalev           1  0  1   0  0   1  0  0  0/0   11 
Cory Sarich              0  1  1   1  4   0  2  0  0/0   12 
David Desharnais         0  1  1   0  0   1  0  0  19/31 19 
Douglas Murray           0  0  0   0  2   0  2  1  0/0   18 
Jeff Halpern             0  0  0  -1  2   1  2  0  21/27 17 
Marc Methot              0  0  0   0  0   2  2  1  0/0   15 
Mathieu Perreault        0  0  0   0  0   0  0  0  0/0   0  
Matt Stajan              0  1  1  -1  0   0  0  0  17/22 20 
Mike Green               0  2  2   1  2   2  1  0  0/0   25 
Ryan McDonagh            0  0  0  -1  0   0  1  2  0/0   18 
Ryane Clowe              0  2  2  -1  0   4  1  1  0/1   18 
Steve Eminger            0  0  0   1  0   0  0  0  0/0   8  
Taylor Hall              2  0  2   0  0   3  1  0  1/4   17 
Tomas Fleischmann        2  1  3  -1  0   2  0  0  2/4   15 
Trent Hunter             0  0  0   1  0   0  3  1  0/0   12 
Willie Mitchell          0  1  1  -1  0   1  0  0  0/0   20 

3 Stars

1 - Jarome Iginla (CAR)
2 - Eric Staal (CAR)
3 - Alexander Ovechkin (WSH)

Power Play

Hurricanes - 2 on 7 Attempt(s) - 28.57%
Capitals - 3 on 5 Attempt(s) - 60.00%

Penalty Kill

Hurricanes - 2 on 5 Attempt(s) - 40.00% - Score 0 goal in Penalty Kill
Capitals - 5 on 7 Attempt(s) - 71.43% - Score 0 goal in Penalty Kill

Game Notes

Mike Smith enters game at 0:36 of 3rd period
Brian Elliott enters game at 19:44 of 3rd period

Finance

Level 1 -- Attendance: 4797 (73.80%) -- Ticket Income $479,700.00
Level 2 -- Attendance: 3449 (68.98%) -- Ticket Income $206,940.00
Level 3 -- Attendance: 2991 (85.46%) -- Ticket Income $104,685.00
Level 4 -- Attendance: 2672 (100.00%) -- Ticket Income $53,440.00
Luxury Box -- Attendance: 712 (71.20%) -- Ticket Income $142,400.00
Game was played at the Verizon Center
Total Attendance: 14621 (78.30%)
Total Ticket Income: $1,050,288.00
Other Income: $221,140.20
Total Income: $1,271,428.00


Play by Play

Period #1

0:01 of 1st period - Eric Staal wins face-off versus Matt Stajan in neutral zone.
0:06 of 1st period - Shot by Jarome Iginla.
0:06 of 1st period - Shot Misses the Net.
0:12 of 1st period - Minor Penalty to Alexander Ovechkin for Tripping.
0:13 of 1st period - Mike Fisher wins face-off versus Alexander Semin in Capitals zone.
0:21 of 1st period - Mike Fisher is hit by Mike Green and loses puck.
0:24 of 1st period - Shot by Mike Weber.
0:24 of 1st period - Shot Misses the Net.
0:26 of 1st period - Shot by Mike Fisher.
0:26 of 1st period - Stopped by Jimmy Howard without a rebound.
0:27 of 1st period - David Desharnais wins face-off versus Eric Staal in Capitals zone.
0:27 of 1st period - David Desharnais is hit by Jarome Iginla.
1:22 of 1st period - David Desharnais is hit by Matt Cooke and loses puck.
2:25 of 1st period - Shot by Michael Ryder.
2:25 of 1st period - Stopped by Jimmy Howard without a rebound.
2:26 of 1st period - Matt Stajan wins face-off versus Martin Hanzal in Capitals zone.
2:40 of 1st period - Off-side.
2:41 of 1st period - David Desharnais wins face-off versus Jed Ortmeyer in neutral zone.
2:44 of 1st period - Chris Thorburn is hit by Trent Hunter and loses puck.
3:15 of 1st period - Shot by Chris Thorburn.
3:15 of 1st period - Stopped by Jimmy Howard without a rebound.
3:16 of 1st period - Jeff Halpern wins face-off versus Martin Hanzal in Capitals zone.
3:16 of 1st period - Tomas Fleischmann is hit by Martin Hanzal and loses puck.
3:22 of 1st period - Tomas Fleischmann is hit by Shawn Thornton and loses puck.
3:26 of 1st period - Ryan McDonagh is hit by Ryan Wilson and loses puck.
3:33 of 1st period - Shot by Jeff Halpern.
3:33 of 1st period - Stopped by Johan Hedberg without a rebound.
3:34 of 1st period - Matt Stajan wins face-off versus Mike Fisher in Hurricanes zone.
3:39 of 1st period - Shot by Ryane Clowe.
3:39 of 1st period - Stopped by Johan Hedberg without a rebound.
3:40 of 1st period - Matt Stajan wins face-off versus Mike Fisher in Hurricanes zone.
3:42 of 1st period - Alexander Ovechkin is hit by Mike Weber and loses puck.
4:08 of 1st period - Shot by Brad Boyes.
4:08 of 1st period - Stopped by Jimmy Howard with a rebound.
4:27 of 1st period - Minor Penalty to Matt Cooke for Roughing.
4:28 of 1st period - Alexander Semin wins face-off versus Jarome Iginla in Hurricanes zone.
4:46 of 1st period - Icing by Douglas Murray.
4:47 of 1st period - Jarome Iginla wins face-off versus Alexander Semin in Capitals zone.
4:50 of 1st period - Shot by Jarome Iginla.
4:50 of 1st period - Stopped by Jimmy Howard without a rebound.
4:51 of 1st period - David Desharnais wins face-off versus Jarome Iginla in Capitals zone.
5:09 of 1st period - Shot by Alexander Semin.
5:09 of 1st period - Shot Blocked by Mike Weber.
5:11 of 1st period - Shot by Mike Green.
5:11 of 1st period - Shot Misses the Net.
5:13 of 1st period - Shot by Mike Green.
5:13 of 1st period - Shot Blocked by Mike Weber.
5:15 of 1st period - Shot by Mike Green.
5:15 of 1st period - Stopped by Johan Hedberg without a rebound.
5:16 of 1st period - Matt Stajan wins face-off versus Jarome Iginla in Hurricanes zone.
6:09 of 1st period - Shot by Tomas Fleischmann.
6:09 of 1st period - Goal by Tomas Fleischmann - Hurricanes : 0 - Capitals : 1.
6:10 of 1st period - Martin Hanzal wins face-off versus David Desharnais in neutral zone.
6:38 of 1st period - Martin Hanzal is hit by Cory Sarich and loses puck.
7:13 of 1st period - Shot by Jarome Iginla.
7:13 of 1st period - Stopped by Jimmy Howard without a rebound.
7:14 of 1st period - Matt Stajan wins face-off versus Jed Ortmeyer in Capitals zone.
7:39 of 1st period - Shot by Ryane Clowe.
7:39 of 1st period - Stopped by Johan Hedberg with a rebound.
7:41 of 1st period - Shot by Ryane Clowe.
7:41 of 1st period - Shot Misses the Net.
7:43 of 1st period - Shot by Alexander Ovechkin.
7:43 of 1st period - Stopped by Johan Hedberg without a rebound.
7:44 of 1st period - Jeff Halpern wins face-off versus Mike Fisher in Hurricanes zone.
7:44 of 1st period - Jeff Halpern is hit by Mike Weber.
8:20 of 1st period - Shot by Alexander Semin.
8:20 of 1st period - Shot Misses the Net.
9:02 of 1st period - Shawn Thornton is hit by Marc Methot.
9:09 of 1st period - Martin Hanzal is hit by Marc Methot and loses puck.
9:36 of 1st period - Shot by Jarome Iginla.
9:36 of 1st period - Deflect By Eric Staal.
9:36 of 1st period - Shot Misses the Net.
9:49 of 1st period - Shot by Alexander Ovechkin.
9:49 of 1st period - Shot Misses the Net.
9:51 of 1st period - Shot by Ryane Clowe.
9:51 of 1st period - Shot Misses the Net.
10:38 of 1st period - Shot by Willie Mitchell.
10:38 of 1st period - Shot Blocked by Anton Stralman.
10:40 of 1st period - Shot by Ryan McDonagh.
10:40 of 1st period - Shot Misses the Net.
10:41 of 1st period - Minor Penalty to Mike Weber for Tripping.
10:42 of 1st period - Jeff Halpern wins face-off versus Thomas Vanek in Hurricanes zone.
11:31 of 1st period - Shot by Ryane Clowe.
11:31 of 1st period - Stopped by Johan Hedberg without a rebound.
11:32 of 1st period - David Desharnais wins face-off versus Eric Staal in Hurricanes zone.
11:41 of 1st period - Shot by Alexander Ovechkin.
11:41 of 1st period - Shot Blocked by Eric Staal.
11:43 of 1st period - Shot by Tomas Fleischmann.
11:43 of 1st period - Shot Misses the Net.
11:51 of 1st period - Shot by Alexander Ovechkin.
11:51 of 1st period - Shot Misses the Net.
11:55 of 1st period - Shot by Alexander Ovechkin.
11:55 of 1st period - Shot Misses the Net.
13:10 of 1st period - Shot by Martin Hanzal.
13:10 of 1st period - Stopped by Jimmy Howard with a rebound.
14:08 of 1st period - Icing by Johnny Oduya.
14:09 of 1st period - Matt Stajan wins face-off versus Jed Ortmeyer in Hurricanes zone.
14:16 of 1st period - Shot by Alexei Kovalev.
14:16 of 1st period - Shot Blocked by Johnny Oduya.
15:54 of 1st period - Minor Penalty to Alexander Semin for Goalie Interference.
15:55 of 1st period - Jeff Halpern wins face-off versus Jarome Iginla in Capitals zone.
16:08 of 1st period - Shot by Thomas Vanek.
16:08 of 1st period - Shot Misses the Net.
16:10 of 1st period - Shot by Jarome Iginla.
16:10 of 1st period - Shot Hit the Post.
16:22 of 1st period - Shot by Eric Staal.
16:22 of 1st period - Shot Misses the Net.
16:24 of 1st period - Shot by Eric Staal.
16:24 of 1st period - Stopped by Jimmy Howard without a rebound.
16:25 of 1st period - Tomas Fleischmann wins face-off versus Mike Fisher in Capitals zone.
16:35 of 1st period - Anton Stralman is hit by Douglas Murray and loses puck.
16:42 of 1st period - Shot by Ryan Wilson.
16:42 of 1st period - Stopped by Jimmy Howard without a rebound.
16:43 of 1st period - Jeff Halpern wins face-off versus Eric Staal in Capitals zone.
16:49 of 1st period - Icing by Thomas Vanek.
16:50 of 1st period - Eric Staal wins face-off versus David Desharnais in Hurricanes zone.
16:55 of 1st period - Douglas Murray is hit by Matt Cooke and loses puck.
17:39 of 1st period - Shot by Mike Fisher.
17:39 of 1st period - Stopped by Jimmy Howard without a rebound.
17:40 of 1st period - Jeff Halpern wins face-off versus Mike Fisher in Capitals zone.
17:40 of 1st period - Jeff Halpern is hit by Mike Fisher.
17:58 of 1st period - Shot by Mike Fisher.
17:58 of 1st period - Stopped by Jimmy Howard without a rebound.
17:59 of 1st period - David Desharnais wins face-off versus Martin Hanzal in Capitals zone.
18:04 of 1st period - Shot by Taylor Hall.
18:04 of 1st period - Shot Misses the Net.
18:06 of 1st period - Shot by Marc Methot.
18:06 of 1st period - Shot Misses the Net.
18:10 of 1st period - Shot by Marc Methot.
18:10 of 1st period - Stopped by Johan Hedberg without a rebound.
18:11 of 1st period - Matt Stajan wins face-off versus Jed Ortmeyer in Hurricanes zone.
18:26 of 1st period - Shot by Ryan Shannon.
18:26 of 1st period - Shot Misses the Net.
19:03 of 1st period - Shot by Trent Hunter.
19:03 of 1st period - Shot Blocked by Ryan Shannon.
19:23 of 1st period - Off-side.
19:24 of 1st period - Jeff Halpern wins face-off versus Matt Cooke in neutral zone.

Period #2

0:01 of 2nd period - Matt Stajan wins face-off versus Eric Staal in neutral zone.
0:04 of 2nd period - Shot by Alexander Ovechkin.
0:04 of 2nd period - Shot Misses the Net.
0:16 of 2nd period - Shot by Alexander Ovechkin.
0:16 of 2nd period - Shot Misses the Net.
0:24 of 2nd period - Shot by Jarome Iginla.
0:24 of 2nd period - Shot Misses the Net.
0:28 of 2nd period - Shot by Eric Staal.
0:28 of 2nd period - Deflect By Jarome Iginla.
0:28 of 2nd period - Goal by Jarome Iginla - Hurricanes : 1 - Capitals : 1.
0:29 of 2nd period - Jeff Halpern wins face-off versus Mike Fisher in neutral zone.
0:31 of 2nd period - Minor Penalty to Matt Cooke for Hooking.
0:32 of 2nd period - David Desharnais wins face-off versus Thomas Vanek in Hurricanes zone.
0:35 of 2nd period - Shot by Alexander Ovechkin.
0:35 of 2nd period - Shot Misses the Net.
0:39 of 2nd period - Shot by Alexander Ovechkin.
0:39 of 2nd period - Stopped by Johan Hedberg without a rebound.
0:40 of 2nd period - Matt Stajan wins face-off versus Thomas Vanek in Hurricanes zone.
0:57 of 2nd period - Shot by Alexei Kovalev.
0:57 of 2nd period - Shot Blocked by Anton Stralman.
0:59 of 2nd period - Shot by Ryane Clowe.
0:59 of 2nd period - Shot Blocked by Mike Weber.
1:01 of 2nd period - Shot by Alexei Kovalev.
1:01 of 2nd period - Goal by Alexei Kovalev - Hurricanes : 1 - Capitals : 2.
1:02 of 2nd period - David Desharnais wins face-off versus Martin Hanzal in neutral zone.
1:04 of 2nd period - Minor Penalty to Shawn Thornton for Holding.
1:05 of 2nd period - David Desharnais wins face-off versus Jarome Iginla in Hurricanes zone.
1:12 of 2nd period - Shot by Mike Green.
1:12 of 2nd period - Stopped by Johan Hedberg without a rebound.
1:13 of 2nd period - David Desharnais wins face-off versus Jarome Iginla in Hurricanes zone.
1:22 of 2nd period - Shot by Tomas Fleischmann.
1:22 of 2nd period - Goal by Tomas Fleischmann - Hurricanes : 1 - Capitals : 3.
1:23 of 2nd period - David Desharnais wins face-off versus Martin Hanzal in neutral zone.
1:38 of 2nd period - Shot by Taylor Hall.
1:38 of 2nd period - Stopped by Johan Hedberg without a rebound.
1:39 of 2nd period - Matt Stajan wins face-off versus Mike Fisher in Hurricanes zone.
1:55 of 2nd period - Icing by Anton Stralman.
1:56 of 2nd period - Mike Fisher wins face-off versus Jeff Halpern in Hurricanes zone.
2:32 of 2nd period - Icing by Ryan McDonagh.
2:33 of 2nd period - Eric Staal wins face-off versus Jeff Halpern in Capitals zone.
2:34 of 2nd period - Shot by Jarome Iginla.
2:34 of 2nd period - Shot Misses the Net.
2:42 of 2nd period - Shot by Alexander Semin.
2:42 of 2nd period - Stopped by Johan Hedberg without a rebound.
2:43 of 2nd period - Matt Stajan wins face-off versus Martin Hanzal in Hurricanes zone.
3:18 of 2nd period - Shot by Martin Hanzal.
3:18 of 2nd period - Shot Misses the Net.
3:20 of 2nd period - Shot by Michael Ryder.
3:20 of 2nd period - Stopped by Jimmy Howard without a rebound.
3:21 of 2nd period - Eric Staal wins face-off versus David Desharnais in Capitals zone.
3:25 of 2nd period - Minor Penalty to Cory Sarich for Interference.
3:26 of 2nd period - David Desharnais wins face-off versus Eric Staal in Capitals zone.
3:26 of 2nd period - David Desharnais is hit by Thomas Vanek.
4:40 of 2nd period - Brad Boyes is hit by Alexander Ovechkin and loses puck.
4:45 of 2nd period - Shot by Alexander Ovechkin.
4:45 of 2nd period - Stopped by Johan Hedberg without a rebound.
4:46 of 2nd period - Eric Staal wins face-off versus David Desharnais in Hurricanes zone.
4:53 of 2nd period - Shot by David Desharnais.
4:53 of 2nd period - Shot Misses the Net.
5:09 of 2nd period - Shot by Thomas Vanek.
5:09 of 2nd period - Shot Misses the Net.
5:11 of 2nd period - Shot by Johnny Oduya.
5:11 of 2nd period - Stopped by Jimmy Howard without a rebound.
5:12 of 2nd period - Jeff Halpern wins face-off versus Matt Cooke in Capitals zone.
6:47 of 2nd period - Shot by Alexander Ovechkin.
6:47 of 2nd period - Goal by Alexander Ovechkin - Hurricanes : 1 - Capitals : 4.
6:48 of 2nd period - Jeff Halpern wins face-off versus Jed Ortmeyer in neutral zone.
7:15 of 2nd period - Shot by Ryan Shannon.
7:15 of 2nd period - Shot Misses the Net.
7:23 of 2nd period - Alexander Semin is hit by Jaroslav Spacek and loses puck.
8:48 of 2nd period - Matt Cooke is hit by Alexander Ovechkin and loses puck.
9:07 of 2nd period - Icing by Jaroslav Spacek.
9:08 of 2nd period - David Desharnais wins face-off versus Eric Staal in Hurricanes zone.
9:25 of 2nd period - Shot by Eric Staal.
9:25 of 2nd period - Stopped by Jimmy Howard with a rebound.
9:29 of 2nd period - Shot by Thomas Vanek.
9:29 of 2nd period - Shot Blocked by Trent Hunter.
9:34 of 2nd period - Shot by Thomas Vanek.
9:34 of 2nd period - Goal by Thomas Vanek - Hurricanes : 2 - Capitals : 4.
9:35 of 2nd period - Martin Hanzal wins face-off versus Tomas Fleischmann in neutral zone.
9:35 of 2nd period - Martin Hanzal is hit by Jeff Halpern.
9:38 of 2nd period - Off-side.
9:39 of 2nd period - Jeff Halpern wins face-off versus Martin Hanzal in neutral zone.
9:48 of 2nd period - Ryan Wilson is hit by Alexander Semin and loses puck.
9:57 of 2nd period - Shot by Alexander Semin.
9:57 of 2nd period - Shot Blocked by Matt Hunwick.
9:59 of 2nd period - Shot by Willie Mitchell.
9:59 of 2nd period - Stopped by Johan Hedberg without a rebound.
10:00 of 2nd period - David Desharnais wins face-off versus Mike Fisher in Hurricanes zone.
10:03 of 2nd period - Shot by Taylor Hall.
10:03 of 2nd period - Shot Blocked by Mike Weber.
10:07 of 2nd period - Shot by Marc Methot.
10:07 of 2nd period - Shot Misses the Net.
10:09 of 2nd period - Shot by Taylor Hall.
10:09 of 2nd period - Shot Blocked by Mike Weber.
10:11 of 2nd period - Shot by Taylor Hall.
10:11 of 2nd period - Shot Misses the Net.
10:13 of 2nd period - Shot by Marc Methot.
10:13 of 2nd period - Shot Blocked by Anton Stralman.
10:15 of 2nd period - Shot by Marc Methot.
10:15 of 2nd period - Stopped by Johan Hedberg without a rebound.
10:16 of 2nd period - Eric Staal wins face-off versus Jeff Halpern in Hurricanes zone.
11:07 of 2nd period - Eric Staal is hit by Cory Sarich and loses puck.
11:15 of 2nd period - Icing by Cory Sarich.
11:16 of 2nd period - David Desharnais wins face-off versus Mike Fisher in Capitals zone.
11:16 of 2nd period - David Desharnais is hit by Mike Fisher.
11:30 of 2nd period - Anton Stralman is hit by Trent Hunter and loses puck.
11:36 of 2nd period - Taylor Hall is hit by Mike Weber and loses puck.
11:46 of 2nd period - Minor Penalty to Cory Sarich for Slashing.
11:47 of 2nd period - Jeff Halpern wins face-off versus Matt Cooke in Capitals zone.
12:40 of 2nd period - Shot by Ryane Clowe.
12:40 of 2nd period - Stopped by Johan Hedberg without a rebound.
12:41 of 2nd period - Eric Staal wins face-off versus Jeff Halpern in Hurricanes zone.
13:06 of 2nd period - Shot by Jarome Iginla.
13:06 of 2nd period - Shot Misses the Net.
13:31 of 2nd period - Icing by Ryan Shannon.
13:32 of 2nd period - Mike Fisher wins face-off versus David Desharnais in Hurricanes zone.
14:20 of 2nd period - Icing by Martin Hanzal.
14:21 of 2nd period - Martin Hanzal wins face-off versus Alexander Ovechkin in Hurricanes zone.
14:21 of 2nd period - Martin Hanzal is hit by Alexander Ovechkin.
14:42 of 2nd period - Shot by Ryan Shannon.
14:42 of 2nd period - Shot Misses the Net.
14:44 of 2nd period - Shot by Johnny Oduya.
14:44 of 2nd period - Shot Misses the Net.
14:48 of 2nd period - Shot by Ryan Shannon.
14:48 of 2nd period - Stopped by Jimmy Howard without a rebound.
14:49 of 2nd period - Jeff Halpern wins face-off versus Mike Fisher in Capitals zone.
14:49 of 2nd period - Jeff Halpern is hit by Matt Cooke.
14:52 of 2nd period - Tomas Fleischmann is hit by Matt Cooke and loses puck.
15:10 of 2nd period - Off-side.
15:11 of 2nd period - David Desharnais wins face-off versus Eric Staal in neutral zone.
15:44 of 2nd period - Shot by Jarome Iginla.
15:44 of 2nd period - Shot Misses the Net.
15:58 of 2nd period - Shot by Brad Boyes.
15:58 of 2nd period - Deflect By Mike Fisher.
15:58 of 2nd period - Stopped by Jimmy Howard without a rebound.
15:59 of 2nd period - Jeff Halpern wins face-off versus Martin Hanzal in Capitals zone.
16:36 of 2nd period - Michael Ryder is hit by Jeff Halpern and loses puck.
17:18 of 2nd period - Brad Boyes is hit by Douglas Murray.
17:20 of 2nd period - Shot by Matt Cooke.
17:20 of 2nd period - Deflect By Brad Boyes.
17:20 of 2nd period - Shot Misses the Net.
17:22 of 2nd period - Shot by Mike Weber.
17:22 of 2nd period - Deflect By Matt Cooke.
17:22 of 2nd period - Shot Misses the Net.
17:27 of 2nd period - Shot by Matt Cooke.
17:27 of 2nd period - Stopped by Jimmy Howard without a rebound.
17:28 of 2nd period - David Desharnais wins face-off versus Eric Staal in Capitals zone.
18:38 of 2nd period - Minor Penalty to Mike Green for Tripping.
18:39 of 2nd period - Jeff Halpern wins face-off versus Mike Fisher in Capitals zone.
18:39 of 2nd period - Jeff Halpern is hit by Matt Cooke.
18:57 of 2nd period - Shot by Matt Cooke.
18:57 of 2nd period - Stopped by Jimmy Howard with a rebound.
18:59 of 2nd period - Shot by Mike Fisher.
18:59 of 2nd period - Goal by Mike Fisher - Hurricanes : 3 - Capitals : 4.
19:00 of 2nd period - Jed Ortmeyer wins face-off versus Matt Stajan in neutral zone.
19:31 of 2nd period - Alexander Ovechkin is hit by Chris Thorburn and loses puck.
19:39 of 2nd period - Icing by Mike Green.
19:40 of 2nd period - Mike Fisher wins face-off versus Matt Stajan in Capitals zone.

Period #3

0:01 of 3rd period - Matt Stajan wins face-off versus Eric Staal in neutral zone.
0:10 of 3rd period - Icing by Eric Staal.
0:11 of 3rd period - Tomas Fleischmann wins face-off versus Eric Staal in Hurricanes zone.
0:29 of 3rd period - Eric Staal is hit by Ryan McDonagh and loses puck.
0:34 of 3rd period - Shot by Eric Staal.
0:34 of 3rd period - Shot Misses the Net.
0:36 of 3rd period - Shot by Jaroslav Spacek.
0:36 of 3rd period - Goal by Jaroslav Spacek - Hurricanes : 4 - Capitals : 4.
0:36 of 3rd period - Mike Smith enters game.
0:37 of 3rd period - Matt Stajan wins face-off versus Mike Fisher in neutral zone.
0:41 of 3rd period - Mike Green is hit by Mike Weber and loses puck.
2:07 of 3rd period - Shot by David Desharnais.
2:07 of 3rd period - Stopped by Johan Hedberg without a rebound.
2:08 of 3rd period - Jeff Halpern wins face-off versus Martin Hanzal in Hurricanes zone.
2:08 of 3rd period - Alexander Semin is hit by Ryan Wilson and loses puck.
2:12 of 3rd period - Alexander Semin is hit by Ryan Wilson and loses puck.
2:18 of 3rd period - Tomas Fleischmann is hit by Ryan Wilson and loses puck.
2:35 of 3rd period - Shot by Tomas Fleischmann.
2:35 of 3rd period - Shot Misses the Net.
2:39 of 3rd period - Shot by Alexander Semin.
2:39 of 3rd period - Goal by Alexander Semin - Hurricanes : 4 - Capitals : 5.
2:40 of 3rd period - Eric Staal wins face-off versus Matt Stajan in neutral zone.
3:42 of 3rd period - Icing by Johnny Oduya.
3:43 of 3rd period - Jeff Halpern wins face-off versus Jarome Iginla in Hurricanes zone.
4:07 of 3rd period - Minor Penalty to Jeff Halpern for Slashing.
4:08 of 3rd period - David Desharnais wins face-off versus Mike Fisher in Capitals zone.
4:08 of 3rd period - David Desharnais is hit by Matt Cooke.
4:31 of 3rd period - Off-side.
4:32 of 3rd period - Mike Fisher wins face-off versus Ryane Clowe in neutral zone.
4:39 of 3rd period - Shot by Mike Weber.
4:39 of 3rd period - Stopped by Mike Smith without a rebound.
4:40 of 3rd period - Mike Fisher wins face-off versus Alexander Semin in Capitals zone.
5:07 of 3rd period - Shot by Brad Boyes.
5:07 of 3rd period - Shot Misses the Net.
5:09 of 3rd period - Shot by Mike Weber.
5:09 of 3rd period - Stopped by Mike Smith without a rebound.
5:10 of 3rd period - David Desharnais wins face-off versus Eric Staal in Capitals zone.
5:25 of 3rd period - Shot by Eric Staal.
5:25 of 3rd period - Stopped by Mike Smith without a rebound.
5:26 of 3rd period - Mike Fisher wins face-off versus David Desharnais in Capitals zone.
5:31 of 3rd period - Shot by Brad Boyes.
5:31 of 3rd period - Shot Misses the Net.
5:33 of 3rd period - Shot by Matt Cooke.
5:33 of 3rd period - Shot Misses the Net.
5:35 of 3rd period - Shot by Mike Fisher.
5:35 of 3rd period - Stopped by Mike Smith with a rebound.
5:37 of 3rd period - Shot by Ryan Wilson.
5:37 of 3rd period - Shot Blocked by Ryane Clowe.
6:28 of 3rd period - Shot by Jaroslav Spacek.
6:28 of 3rd period - Stopped by Mike Smith with a rebound.
6:32 of 3rd period - Shot by Martin Hanzal.
6:32 of 3rd period - Stopped by Mike Smith with a rebound.
6:34 of 3rd period - Shot by Michael Ryder.
6:34 of 3rd period - Deflect By Shawn Thornton.
6:34 of 3rd period - Stopped by Mike Smith without a rebound.
6:35 of 3rd period - Matt Stajan wins face-off versus Jed Ortmeyer in Capitals zone.
7:08 of 3rd period - Off-side.
7:09 of 3rd period - Martin Hanzal wins face-off versus Jeff Halpern in neutral zone.
7:18 of 3rd period - Shot by Martin Hanzal.
7:18 of 3rd period - Stopped by Mike Smith without a rebound.
7:19 of 3rd period - Martin Hanzal wins face-off versus Taylor Hall in Capitals zone.
7:28 of 3rd period - Shot by Martin Hanzal.
7:28 of 3rd period - Stopped by Mike Smith without a rebound.
7:29 of 3rd period - Eric Staal wins face-off versus Jeff Halpern in Capitals zone.
8:26 of 3rd period - Shot by Alexander Ovechkin.
8:26 of 3rd period - Stopped by Johan Hedberg with a rebound.
8:28 of 3rd period - Shot by Ryane Clowe.
8:28 of 3rd period - Shot Misses the Net.
8:30 of 3rd period - Shot by Matt Stajan.
8:30 of 3rd period - Deflect By Alexander Ovechkin.
8:30 of 3rd period - Stopped by Johan Hedberg without a rebound.
8:31 of 3rd period - David Desharnais wins face-off versus Martin Hanzal in Hurricanes zone.
8:32 of 3rd period - Shot by Taylor Hall.
8:32 of 3rd period - Shot Misses the Net.
8:34 of 3rd period - Shot by Taylor Hall.
8:34 of 3rd period - Goal by Taylor Hall - Hurricanes : 4 - Capitals : 6.
8:35 of 3rd period - Martin Hanzal wins face-off versus David Desharnais in neutral zone.
8:44 of 3rd period - Shot by Taylor Hall.
8:44 of 3rd period - Goal by Taylor Hall - Hurricanes : 4 - Capitals : 7.
8:45 of 3rd period - Mike Fisher wins face-off versus Matt Stajan in neutral zone.
8:45 of 3rd period - Mike Fisher is hit by Ryane Clowe.
8:48 of 3rd period - Off-side.
8:49 of 3rd period - Matt Stajan wins face-off versus Mike Fisher in neutral zone.
9:03 of 3rd period - Brad Boyes is hit by Alexander Ovechkin and loses puck.
9:38 of 3rd period - Icing by Anton Stralman.
9:39 of 3rd period - Mike Fisher wins face-off versus David Desharnais in Hurricanes zone.
9:43 of 3rd period - Minor Penalty to Mike Weber for Hooking.
9:44 of 3rd period - Jarome Iginla wins face-off versus David Desharnais in Hurricanes zone.
10:47 of 3rd period - Off-side.
10:48 of 3rd period - Brad Boyes wins face-off versus David Desharnais in neutral zone.
11:14 of 3rd period - Icing by Alexander Semin.
11:15 of 3rd period - Thomas Vanek wins face-off versus David Desharnais in Capitals zone.
11:21 of 3rd period - Icing by Ryan McDonagh.
11:22 of 3rd period - Thomas Vanek wins face-off versus Taylor Hall in Capitals zone.
12:10 of 3rd period - Shot by Shawn Thornton.
12:10 of 3rd period - Shot Misses the Net.
12:12 of 3rd period - Shot by Martin Hanzal.
12:12 of 3rd period - Stopped by Mike Smith with a rebound.
12:14 of 3rd period - Shot by Michael Ryder.
12:14 of 3rd period - Shot Blocked by Douglas Murray.
12:16 of 3rd period - Shot by Ryan Wilson.
12:16 of 3rd period - Shot Misses the Net.
12:40 of 3rd period - Shot by Johnny Oduya.
12:40 of 3rd period - Shot Misses the Net.
12:44 of 3rd period - Shot by Jed Ortmeyer.
12:44 of 3rd period - Stopped by Mike Smith with a rebound.
12:46 of 3rd period - Shot by Johnny Oduya.
12:46 of 3rd period - Stopped by Mike Smith with a rebound.
12:51 of 3rd period - Minor Penalty to Douglas Murray for Diving.
12:52 of 3rd period - Jeff Halpern wins face-off versus Mike Fisher in Capitals zone.
13:21 of 3rd period - Shot by Mike Weber.
13:21 of 3rd period - Shot Blocked by Ryan McDonagh.
13:47 of 3rd period - Shot by Thomas Vanek.
13:47 of 3rd period - Shot Misses the Net.
13:49 of 3rd period - Shot by Eric Staal.
13:49 of 3rd period - Deflect By Jarome Iginla.
13:49 of 3rd period - Shot Misses the Net.
14:05 of 3rd period - Shot by Eric Staal.
14:05 of 3rd period - Goal by Eric Staal - Hurricanes : 5 - Capitals : 7.
14:06 of 3rd period - Martin Hanzal wins face-off versus David Desharnais in neutral zone.
14:15 of 3rd period - Shot by Martin Hanzal.
14:15 of 3rd period - Shot Misses the Net.
14:23 of 3rd period - Shot by David Desharnais.
14:23 of 3rd period - Shot Misses the Net.
14:27 of 3rd period - Shot by Marc Methot.
14:27 of 3rd period - Shot Misses the Net.
14:29 of 3rd period - Shot by Taylor Hall.
14:29 of 3rd period - Shot Blocked by Matt Hunwick.
14:39 of 3rd period - Martin Hanzal is hit by Trent Hunter and loses puck.
15:32 of 3rd period - Shot by Brad Boyes.
15:32 of 3rd period - Shot Misses the Net.
15:34 of 3rd period - Shot by Mike Fisher.
15:34 of 3rd period - Shot Blocked by Ryan McDonagh.
15:41 of 3rd period - Icing by Ryan McDonagh.
15:42 of 3rd period - Jeff Halpern wins face-off versus Thomas Vanek in Capitals zone.
16:17 of 3rd period - Shot by Jarome Iginla.
16:17 of 3rd period - Deflect By Thomas Vanek.
16:17 of 3rd period - Stopped by Mike Smith without a rebound.
16:18 of 3rd period - Taylor Hall wins face-off versus Matt Cooke in Capitals zone.
16:29 of 3rd period - Shot by Taylor Hall.
16:29 of 3rd period - Shot Misses the Net.
17:21 of 3rd period - Icing by Marc Methot.
17:22 of 3rd period - Jeff Halpern wins face-off versus Eric Staal in Capitals zone.
17:33 of 3rd period - Johnny Oduya is hit by Alexander Semin and loses puck.
17:48 of 3rd period - Shot by Eric Staal.
17:48 of 3rd period - Shot Misses the Net.
18:04 of 3rd period - Shot by Alexander Ovechkin.
18:04 of 3rd period - Stopped by Johan Hedberg without a rebound.
18:05 of 3rd period - Michael Ryder wins face-off versus Taylor Hall in Hurricanes zone.
18:21 of 3rd period - Ryan Wilson is hit by Taylor Hall and loses puck.
18:30 of 3rd period - Shot by Michael Ryder.
18:30 of 3rd period - Shot Misses the Net.
18:32 of 3rd period - Shot by Martin Hanzal.
18:32 of 3rd period - Goal by Martin Hanzal - Hurricanes : 6 - Capitals : 7.
18:33 of 3rd period - Mike Fisher wins face-off versus Tomas Fleischmann in neutral zone.
18:36 of 3rd period - Shot by Jarome Iginla.
18:36 of 3rd period - Shot Blocked by Marc Methot.
18:43 of 3rd period - Icing by Willie Mitchell.
18:44 of 3rd period - Jeff Halpern wins face-off versus Eric Staal in Capitals zone.
19:00 of 3rd period - Hurricanes, Johan Hedberg is pulled from the net.
19:08 of 3rd period - Shot by Jarome Iginla.
19:08 of 3rd period - Goal by Jarome Iginla - Hurricanes : 7 - Capitals : 7.
19:08 of 3rd period - Johan Hedberg from Hurricanes was sent back in the game.
19:09 of 3rd period - Matt Stajan wins face-off versus Eric Staal in neutral zone.
19:22 of 3rd period - Icing by Ryan Wilson.
19:23 of 3rd period - Eric Staal wins face-off versus Alexander Semin in Hurricanes zone.
19:28 of 3rd period - Shot by Eric Staal.
19:28 of 3rd period - Shot Misses the Net.
19:40 of 3rd period - Shot by Alexander Ovechkin.
19:40 of 3rd period - Shot Blocked by Eric Staal.
19:44 of 3rd period - Shot by Ryane Clowe.
19:44 of 3rd period - Deflect By Alexander Ovechkin.
19:44 of 3rd period - Goal by Alexander Ovechkin - Hurricanes : 7 - Capitals : 8.
19:44 of 3rd period - Brian Elliott enters game.
19:45 of 3rd period - Matt Stajan wins face-off versus Mike Fisher in neutral zone.


Output by the SimonT Hockey Simulator (STHS) for Stephane Roy -- Original Page W3C XHTML 1.0 Valid